 Dungeon Crawl Stone Soup version 0.29.0-13-gc9e81de378 (webtiles) character file.

Game seed: 789902972067274982

382 Vulpanium the Sneak (level 6, -1/51 HPs)
             Began as a Draconian Brigand on Sept 8, 2022.
             Slain by Pikel
             ... wielding a +2 whip of freezing
              (2 damage)
             ... on level 4 of the Dungeon.
             The game lasted 00:17:41 (5148 turns).

Vulpanium the Sneak (Draconian Brigand)             Turns: 5148, Time: 00:17:42

Health: -1/51      AC:  8    Str: 13    XL:     6   Next: 47%
Magic:  6/6        EV: 12    Int: 11    God:
Gold:   175        SH:  0    Dex: 15    Spells: 5/5 levels left

rFire   + . .      SeeInvis .   i - +2 dagger (venom)
rCold   x . .      Faith    .   (no shield)
rNeg    . . .      Spirit   .   (body armour unavailable)
rPois   .          Reflect  .   (helmet restricted)
rElec   .          Harm     .   b - +0 cloak
rCorr   .          Rampage  .   f - +0 pair of gloves
Will    .....                   (no boots)
Stlth   +++.......              (no amulet)
HPRegen 0.17/turn               g - ring of fire
MPRegen 0.10/turn               (no ring)

@: about to teleport, attractive
A: AC +6, unfitting armour, cold-blooded
a: no special abilities


You were on level 4 of the Dungeon.
You visited 1 branch of the dungeon, and saw 4 of its levels.

You collected 175 gold pieces.

Inventory:

Hand Weapons
 i - a +2 dagger of venom (weapon)
Missiles
 c - 2 poisoned darts (quivered)
 d - a curare-tipped dart
Armour
 b - a +0 cloak (worn)
 f - a +0 pair of gloves (worn)
Jewellery
 g - a ring of fire (left hand)
Scrolls
 e - 7 scrolls of identify
 k - a scroll of teleportation
Potions
 l - a potion of flight {unknown}


   Skills:
 + Level 3.4 Fighting
 + Level 3.9 Short Blades
 + Level 2.9 Throwing
 + Level 2.6 Dodging
 + Level 5.0 Stealth


You had 5 spell levels left.
You didn't know any spells.
Your spell library contained the following spells:

 Spells                   Type           Power      Damage    Failure   Level
 Necrotise                Necr           0%         1d4       34%         1
 Sandblast                Erth           0%         2d4       34%         1
 Passwall                 Tmut/Erth      0%         N/A       47%         2
 Sublimation of Blood     Necr           0%         N/A       47%         2
 Wereblood                Tmut           0%         N/A       47%         2
 Stone Arrow              Conj/Erth      0%         3d7       71%         3
 Vampiric Draining        Necr           0%         2d6       71%         3
 Agony                    Necr           0%         N/A       100%        5
 Summon Hydra             Summ           0%         N/A       100%        7


Dungeon Overview and Level Annotations

Branches:
Dungeon (4/15)
 Temple: D:4-7

Altars:
Elyvilon
Makhleb
Zin

Annotations:
D:4 Pikel


Innate Abilities, Weirdness & Mutations

Your plain brown scales are hard. (AC +6)
You cannot fit into any form of body armour.
You are cold-blooded and may be slowed by cold attacks.


Message History

Throw: 2 darts (poison)
Press: ? - help, Q - select action, (/) - cycle Shift-Dir - straight line, f/p - Pikel
Aim: Pikel, wielding a +2 whip of freezing and wearing a +0 robe (heavily wounded, poisoned, ally target, 53% to hit)
Really fire in your orc's direction?
Okay, then.
Your orc barely misses Pikel.
Your orc hits Pikel with a +0 hand axe. Your orc misses the lemure.
It was a potion of attraction.
You feel attractive to monsters. Pikel hits your orc but does no damage.
The lemure hits your orc!
Your orc hits Pikel but does no damage. Your orc hits Pikel with a +0 hand axe.
Your orc hits the lemure but does no damage.
Pikel is attracted toward you. The lemure is attracted toward you.
Your orc hits the ball python with a +0 hand axe.
The ball python dies!
Pikel looks more healthy.
Pikel waves his whip at you.
Pikel says, "You'll rot in Tartarus!"
As you read the scroll of fear, it crumbles to dust.
You assume a fearsome visage.
Pikel looks frightened!
The lemure looks frightened!
The lemure is attracted toward you.
You hit Pikel but do no damage.
Pikel is poisoned.
Your attack snaps Pikel out of his fear.
Your tail-slap misses Pikel.
Pikel is severely wounded.
Pikel yells at you, "GO AWAY!"
Cornered, Pikel turns to fight!
The lemure is attracted toward you.
You closely miss Pikel. You tail-slap Pikel, but do no damage.
Pikel is severely wounded.
You hit Pikel.
Pikel looks even sicker.
Pikel is almost dead.
Pikel hits you with a +2 whip of freezing.
* * * LOW HITPOINT WARNING * * *
Pikel freezes you.
* * * LOW HITPOINT WARNING * * *
Your orc closely misses the lemure.
The lemure is attracted toward you. x2
As you read the scroll of teleportation, it crumbles to dust.
You feel strangely unstable.
Pikel hits you with a +2 whip of freezing.
You die...

#####.#...#...............
#.......##########.######.
#.......#.§.o.§o##.# #.
#.......#.#####§##.# #.
#.......#o# #(##.# #.
#.......#5# #5##.. #.
#####.#.#5# 55S... #.
#.#.#K# #####.# #. #.#..@#
#. #.##### #. #. ####†
#.... #.### #.# #.# #.#


You could see Pikel (very poisoned, ally target), 2 lemures and a friendly orc
(summoned).

Vanquished Creatures
  An ogre (D:4)
  A lemure (D:4)
  2 hounds (D:4)
  An orc priest (D:4)
  An iguana (D:4)
  An orc wizard (D:4)
  4 gnolls (D:4)
  3 adders
  3 worms
  A dart slug (D:1)
  5 orcs (D:4)
  7 endoplasms
  3 giant cockroaches
  8 goblins
  9 hobgoblins
  4 quokkas
  7 ball pythons
  9 bats
  A frilled lizard (D:1)
  9 kobolds
  7 rats
87 creatures vanquished.

Vanquished Creatures (collateral kills)
  A ball python (D:4)
1 creature vanquished.

Grand Total: 88 creatures vanquished

Notes
Turn   | Place    | Note
-------+----------+-------------------------------------------
     0 | D:1      | Vulpanium the Draconian Brigand began the quest for the
                  | Orb.
     0 | D:1      | Reached XP level 1. HP: 17/17 MP: 1/1
   406 | D:1      | Found a faded altar of an unknown god.
   477 | D:1      | Reached XP level 2. HP: 24/25 MP: 2/2
   542 | D:1      | Reached skill level 4 in Stealth
   609 | D:1      | Reached skill level 1 in Dodging
  1017 | D:1      | Reached XP level 3. HP: 14/30 MP: 3/3
  2029 | D:2      | Found a white marble altar of Elyvilon.
  2922 | D:3      | Found a burning altar of Makhleb.
  3003 | D:3      | Reached XP level 4. HP: 37/37 MP: 4/4
  3584 | D:3      | Identified the +4 hand axe of Nightmares {freeze, rElec rF+
                  | Stlth+}
  3873 | D:4      | Reached XP level 5. HP: 14/45 MP: 5/5
  4277 | D:4      | Found a glowing silver altar of Zin.
  4682 | D:4      | Reached XP level 6. HP: 51/51 MP: 6/6
  4741 | D:4      | Reached skill level 5 in Stealth
  5121 | D:4      | Noticed Pikel
  5147 | D:4      | HP: 2/51 [Pikel/+2 whip of freezing (4)]
  5148 | D:4      | Slain by Pikel

Illustrated notes

Levels and vault maps discovered:
D:1:      roderic_crossed_star, layout_loops_cross,
          nicolae_ecumenical_snake_handling, dreamdust_princess_corridor
D:2:      minmay_kobold_bridge, layout_basic, basic_altar
D:3:      layout_basic, mainiacjoe_overflow_cross_hatched, st_stairs_5,
          hex_medium, minmay_strange_pillars
D:4:      layout_basic, mainiacjoe_overflow_boulevard, minmay_pentangle,
          uniq_pikel

Skill      XL: |  1  2  3  4  5  6 |
---------------+-------------------+-----
Stealth        | 4 5 |  5.0
Dodging        | 1 2 |  2.6
Throwing       | 2 |  2.9
Fighting       | 3 |  3.4
Short Blades   | 3 |  3.9

Action                   |  1- 3 |  4- 6 || total
-------------------------+-------+-------++-------
Melee: Dagger            |   120 |   109 ||   229
       Tailslap          |    12 |    13 ||    25
       Punch             |     2 |     1 ||     3
Throw: Dart              |    10 |    21 ||    31
  Use: Potion            |     1 |     2 ||     3
       Scroll            |     2 |     8 ||    10
 Stab: Sleeping          |     4 |     3 ||     7
       Distracted        |     2 |       ||     2
Armor: Skin              |    64 |    35 ||    99
Dodge: Dodged            |    77 |    45 ||   122
